 Dungeon Crawl Stone Soup version 0.29.1-15-g9cfb28693d (webtiles) character file.

Game seed: 15444244971167739341

499 Artool the Trooper (level 6, -7/41 (51) HPs)
             Began as a Demonspawn Fighter on Apr 6, 2023.
             Mangled by a wight
             ... wielding a +2 battleaxe
              (13 damage)
             ... on level 4 of the Dungeon.
             The game lasted 00:09:33 (6654 turns).

Artool the Trooper (Demonspawn Fighter)             Turns: 6654, Time: 00:09:34

HP:   -7/41 (51)    AC: 11    Str: 18    XL:     6   Next: 94%
MP:   6/6           EV:  9    Int: 10    God:
Gold: 184           SH:  4    Dex: 12    Spells: 5/5 levels left

rFire   . . .      SeeInvis .   l - +0 whip
rCold   . . .      Faith    .   c - +0 buckler
rNeg    . . .      Spirit   .   b - +0 scale mail
rPois   .          Reflect  .   (no helmet)
rElec   .          Harm     .   s - +2 cloak
rCorr   .          Rampage  .   u - +0 pair of gloves
Will    .....                   (no boots)
Stlth   ..........              (no amulet)
HPRegen 0.13/turn               (no ring)
MPRegen 0.10/turn               (no ring)

@: heavily drained
A: powered by pain 3, demonic magic 1, weakness stinger 1
a: no special abilities


You were on level 4 of the Dungeon.
You visited 1 branch of the dungeon, and saw 4 of its levels.

You collected 184 gold pieces.

Inventory:

Hand Weapons
 a - a +0 flail
 l - a +0 whip (weapon)
Missiles
 g - 7 poisoned darts (quivered)
 m - a throwing net
 o - 4 atropa-tipped darts
Armour
 b - a +0 scale mail (worn)
 c - a +0 buckler (worn)
 s - a +2 cloak (worn)
 u - a +0 pair of gloves (worn)
Magical Staves
 p - a staff of poison
Scrolls
 e - 2 scrolls of teleportation {unknown}
 h - 3 scrolls of identify {unknown}
 q - a scroll of enchant weapon {unknown}
 t - a scroll of blinking {unknown}
 w - 2 scrolls of amnesia {unknown}
 x - a scroll of vulnerability {unknown}
 y - a scroll of acquirement {unknown}
 A - 2 scrolls of butterflies {unknown}
Potions
 d - a potion of might
 f - a potion of ambrosia {unknown}
 i - a potion of heal wounds {unknown}
 j - 5 potions of curing {unknown}
 k - 2 potions of berserk rage {unknown}
 n - 2 potions of resistance {unknown}
 r - 3 potions of attraction {unknown}
 v - a potion of flight {unknown}
 z - a potion of lignification {unknown}


   Skills:
 + Level 5.1 Fighting
 + Level 4.1 Maces & Flails
 + Level 4.6 Armour
 - Level 2.6 Shields


You had 5 spell levels left.
You didn't know any spells.
Your spell library contained the following spells:

 Spells                   Type           Power      Damage    Failure   Level
 Sublimation of Blood     Necr           0%         N/A       93%         2
 Wereblood                Tmut           0%         N/A       93%         2
 Summon Hydra             Summ           0%         N/A       100%        7


Dungeon Overview and Level Annotations

Branches:
Dungeon (4/15)
 Temple: D:4-7

Altars:
Hepliaklqana


Innate Abilities, Weirdness & Mutations

You are powered by pain.
Spells you cast may paralyse adjacent enemies.
You have a small tail.


Message History

There are monsters nearby!
You hit the wight but do no damage. The wight hits you with a +2 battleaxe!
You feel drained.
The wight hits you with a +0 long sword.
You feel drained.
You are too injured to fight recklessly!
The wight attacks as you move away! The wight hits you with a +2 battleaxe.
* * * LOW HITPOINT WARNING * * *
The wight attacks as you move away! The wight closely misses you.
The wight attacks as you move away! The wight hits you but does no damage.
You see here a +0 trident.
The wight attacks as you move away! The wight hits you with a +2 battleaxe.
* * * LOW HITPOINT WARNING * * *
You feel drained.
* * * LOW HITPOINT WARNING * * *
The wight attacks as you move away! You block the wight's attack.
The wight attacks as you move away! The wight hits you with a +2 battleaxe.
* * * LOW HITPOINT WARNING * * *
You feel drained. The wight attacks as you move away!
The wight closely misses you. The wight attacks as you move away!
The wight barely misses you. The wight attacks as you move away!
The wight hits you with a +2 battleaxe.
* * * LOW HITPOINT WARNING * * *
The wight attacks as you move away! The wight barely misses you.
The wight attacks as you move away! The wight misses you.
The wight attacks as you move away! The wight closely misses you.
The wight attacks as you move away! The wight barely misses you.
The wight attacks as you move away! You block the wight's attack.
The wight attacks as you move away! The wight misses you.
The wight attacks as you move away! The wight barely misses you.
There is an open gate here.
The wight attacks as you move away! You block the wight's attack.
The wight attacks as you move away! The wight hits you with a +2 battleaxe.
* * * LOW HITPOINT WARNING * * *
You feel drained. The wight attacks as you move away!
The wight hits you with a +2 battleaxe.
* * * LOW HITPOINT WARNING * * *
You feel drained. The wight attacks as you move away!
The wight hits you with a +2 battleaxe!
You die...

############ ## .#
######### .#
###.....### .#
##.........## .#
##.....@z....## .#
##...≈≈≈.≈≈≈z..## .#
##...≈≈.....≈≈z..##
.#
##...≈≈..###..≈≈z..##
.# ##..≈≈..##
##..≈≈..##
.######...≈..##
##..≈...###
..)...'...≈.##
##)≈...'.#
#####.'.....#
#.....'.# #.'...≈.##
##.≈...'.#


You could see 4 wights.

Vanquished Creatures
  Duvessa (D:4)
  An ogre (D:4)
  A phantom (D:3)
  A bullfrog (D:4)
  Dowan (D:4)
  3 gnolls (D:2)
  An adder (D:2)
  3 worms
  4 dart slugs
  5 orcs
  5 bats
  2 endoplasms
  3 giant cockroaches
  5 goblins
  9 hobgoblins
  5 jackals
  A quokka (D:1)
  5 ball pythons
  2 frilled lizards (D:1)
  4 kobolds
  7 rats
69 creatures vanquished.

Notes
Turn   | Place    | Note
-------+----------+-------------------------------------------
     0 | D:1      | Artool the Demonspawn Fighter began the quest for the Orb.
     0 | D:1      | Reached XP level 1. HP: 18/18 MP: 1/1
   283 | D:1      | Gained mutation: You sometimes gain a little power by
                  | taking damage. [demonic ancestry]
   283 | D:1      | Reached XP level 2. HP: 24/24 MP: 2/2
   616 | D:1      | Found a faded altar of an unknown god.
   706 | D:1      | Gained mutation: You have a small tail. [demonic ancestry]
   706 | D:1      | Reached XP level 3. HP: 29/29 MP: 3/3
  1593 | D:2      | Gained mutation: You sometimes gain power by taking damage.
                  | [demonic ancestry]
  1593 | D:2      | Reached XP level 4. HP: 32/37 MP: 4/4
  2874 | D:4      | Found a hazy altar of Hepliaklqana.
  3528 | D:2      | Reached skill level 4 in Fighting
  5542 | D:4      | Noticed a phantom
  5616 | D:3      | Killed a phantom
  5617 | D:3      | Gained mutation: Spells you cast may paralyse adjacent
                  | enemies. [demonic ancestry]
  5617 | D:3      | Reached XP level 5. HP: 39/43 MP: 5/5
  5746 | D:4      | Noticed an ogre
  5759 | D:4      | Killed an ogre
  5760 | D:4      | Gained mutation: You are powered by pain. [demonic
                  | ancestry]
  5760 | D:4      | Reached XP level 6. HP: 34/50 MP: 6/6
  5968 | D:4      | Noticed Duvessa
  5968 | D:4      | Noticed Dowan
  6041 | D:4      | Killed Duvessa
  6042 | D:4      | Reached skill level 5 in Fighting
  6263 | D:4      | Killed Dowan
  6654 | D:4      | Mangled by a wight

Illustrated notes

Levels and vault maps discovered:
D:1:      lightli_arrival_boilingwater, layout_loops_ring,
          hellmonk_ecumenical_altar_crossroads
D:2:      layout_basic, minmay_misc_feat_chi, corexii_hall_statues_x,
          ebering_dispersal_statue_hall
D:3:      wad_pebble_path, layout_loops_ring
D:4:      layout_basic, minitemple, st_stairs_3, kennysheep_donut,
          bh_walls_and_bars, uniq_duvessa

Skill      XL: |  1  2  3  4  5  6 |
---------------+-------------------+-----
Maces & Flails | 2 3 4 |  4.1
Armour         | 3 4 |  4.6
Fighting       | 4 5 |  5.1
Shields        | |  2.6

Action                   |  1- 3 |  4- 6 || total
-------------------------+-------+-------++-------
Melee: Flail             |    95 |       ||    95
       Tailslap          |     4 |    25 ||    29
       Whip              |       |   177 ||   177
Throw: Dart              |       |     3 ||     3
  Use: Potion            |       |     1 ||     1
Armor: Scale mail        |    42 |    77 ||   119
Dodge: Dodged            |    43 |    83 ||   126
Block: Buckler           |    22 |    32 ||    54
